 Dungeon Crawl Stone Soup version 0.31-a0-246-g8cbcc1cb85 (webtiles) character file.

Game seed: 2452937710132273285

12 qw the Shooter (level 2, -4/16 HPs)
             Began as a Gargoyle Hexslinger on July 12, 2023.
             Slain by a worm (7 damage)
             ... on level 1 of the Dungeon.
             The game lasted 00:00:11 (740 turns).

qw the Shooter (Gargoyle Hexslinger)                 Turns: 740, Time: 00:00:12

Health: -4/16      AC:  6    Str: 11    XL:     2   Next: 33%
Magic:  3/3        EV: 12    Int: 13    God:
Gold:   42         SH:  0    Dex: 12    Spells: 2/3 levels left

rFire   . . .        Y - +1 sling
rCold   . . .        (no shield)
rNeg    + . .        c - +0 robe
rPois   inf          f - +1 hat
rElec   +            (no cloak)
rCorr   .            (no gloves)
SInv    .            h - +0 pair of boots
Will    .....        (no amulet)
Stlth   +            (no ring)
HPRegen 0.22/turn    (no ring)
MPRegen 0.08/turn

%: no passive effects
@: no status effects
A: sickness immunity, AC +2, negative energy resistance 1, electricity
resistance, torment resistance 1, petrification resistance
a: no special abilities


You were on level 1 of the Dungeon.
You visited 1 branch of the dungeon, and saw 2 of its levels.

You collected 42 gold pieces.


Innate Abilities, Weirdness & Mutations

You are immune to sickness and miasma.
Your stone body is resilient. (AC +2)
You are immune to poison.
You resist negative energy. (rN+)
You are resistant to electric shocks. (rElec)
You are resistant to unholy torment.
You are immune to petrification.


   Skills:
 - Level 1.1 Fighting
 + Level 2.9 Ranged Weapons
 - Level 1.5 Dodging
 - Level 1.0 Spellcasting
 - Level 2.6 Hexes


You had 2 spell levels left.
You knew the following spells:

 Your Spells              Type           Power      Damage    Failure   Level
a - Slow                  Hex            28%        N/A       10%         1

Your spell library contained the following spells:

 Spells                   Type           Power      Damage    Failure   Level
 Inner Flame              Hex/Fire       4%         N/A       43%         3
 Portal Projectile        Hex/Tloc       8%         N/A       43%         3
 Cause Fear               Hex            3%         N/A       67%         4

Inventory:

Hand Weapons
 Y - a +1 sling (weapon)
Armour
 c - a +0 robe (worn)
 f - a +1 hat (worn)
 h - a +0 pair of boots (worn)
Potions
 i - a potion of ambrosia {unknown}
 j - a potion of brilliance {unknown}

Dungeon Overview and Level Annotations

Branches:
Dungeon (2/15)

Altars:

Shops:
D:1 !


Message History

You shoot a sling bullet.
The sling bullet barely misses the kobold.
The kobold hits you with a +0 short sword.
You shoot a sling bullet. The sling bullet hits the kobold.
You kill the kobold!
You start resting.
HP restored.
Done exploring.
(D) Dungeon
Where to? (* - list waypoints, Enter - D:2, ? - help)
What level of the Dungeon? (default 1, ? - help)
You climb downwards.
The worm bites you but does no damage.
There is a stone staircase leading up here.
You shoot a sling bullet.
The sling bullet hits the worm but does no damage.
The worm bites you.
732 ||| STAIRDANCE You climb upwards.
There is a stone staircase leading down here.
You shoot a sling bullet.
The sling bullet barely misses the worm.
The worm bites you.
You shoot a sling bullet. The sling bullet hits the worm.
The worm is lightly wounded.
The worm bites you.
You shoot a sling bullet.
The sling bullet barely misses the worm.
The worm bites you.
You shoot a sling bullet. The sling bullet hits the worm.
The worm is moderately wounded.
You shoot a sling bullet. The sling bullet hits the worm.
The worm is moderately wounded.
The worm bites you.
You shoot a sling bullet. The sling bullet hits the worm.
The worm is moderately wounded.
The worm closely misses you.
You shoot a sling bullet.
The sling bullet barely misses the worm.
The worm bites you!
You die...

##.##### #....# ##..# ##
#.....#
####.##########..#######
#######
#....................¤¤
#.##...#####.##....####
#.####.# ##.##....# ##
#.# #.####..##....# ##
#.# #......######## ##
#.# #w#..### ## #.#
#@%..# ## #.# ###.## ##
##########.#
#.##############
#..........#
#...............
#.##########
################
#.#.......# #.#.#####.#
#.#.#...#.# #.#.###.#.#


You could see a worm.

Vanquished Creatures
  3 endoplasms
  A goblin (D:1)
  A hobgoblin (D:1)
  A quokka (D:1)
  A ball python (D:1)
  2 frilled lizards (D:1)
  2 kobolds (D:1)
11 creatures vanquished.

Notes
Turn   | Place    | Note
-------+----------+-------------------------------------------
     0 | D:1      | qw the Gargoyle Hexslinger began the quest for the Orb.
     0 | D:1      | Reached XP level 1. HP: 12/12 MP: 2/2
     0 | D:1      | 0 ||| qw: Version: 0.3-a-52-g30416fa
     0 | D:1      | 0 ||| qw: Game counter: 6272
     0 | D:1      | 0 ||| qw: Melee chars always use a shield: true
     0 | D:1      | 0 ||| qw: God list: Okawaru
     0 | D:1      | 0 ||| qw: Allow faded altars: false
     0 | D:1      | 0 ||| qw: Do Orc after clearing Dungeon:15 true
     0 | D:1      | 0 ||| qw: Do second Lair branch before Depths: true
     0 | D:1      | 0 ||| qw: Lair rune preference: random
     0 | D:1      | 0 ||| qw: Goals: Normal
     0 | D:1      | 0 ||| PLANNING D:1-11
    64 | D:1      | Found a faded altar of an unknown god.
    96 | D:1      | Found Kosoggusk's Distillery.
   106 | D:1      | 106 ||| SHOPLISTING potion of curing (42 gold, have 21).
   106 | D:1      | 106 ||| SHOPLISTING potion of enlightenment (70 gold, have
                  | 21).
   106 | D:1      | 106 ||| SHOPLISTING potion of haste (140 gold, have 21).
   584 | D:1      | Reached XP level 2. HP: 16/16 MP: 3/3
   616 | D:1      | 616 ||| UPGRADING to +1 hat.
   621 | D:1      | 621 ||| UPGRADING to +0 pair of boots.
   626 | D:1      | 626 ||| READING scroll labelled OTWOSK QOUTS.
   627 | D:1      | 627 ||| READING 2 scrolls labelled COAQ JYG ZUSE.
   628 | D:1      | 628 ||| READING scroll labelled GUSTRO BOFY.
   629 | D:1      | 629 ||| DROPPING scroll of poison.
   630 | D:1      | 630 ||| DROPPING scroll of fog.
   660 | D:2      | 660 ||| STAIRDANCE
   670 | D:1      | HP: 3/16 [kobold/+0 short sword (3)]
   732 | D:2      | 732 ||| STAIRDANCE
   736 | D:1      | HP: 4/16 [worm (3)]
   740 | D:1      | Slain by a worm

Levels and vault maps discovered:
D:1:      sevenhm_arrival_forest_fort_large_4, layout_basic, serial_shops, shop,
          basic_ecumenical_altar
D:2:      layout_basic, uniq_sigmund

Action                     || total
---------------------------++-------
   Fire: Sling             ||    34
    Use: Scroll            ||     3
 Armour: Robe              ||     2
  Dodge: Dodged            ||    19

Table legend:
 A = Non-vault XP
 B = Vault XP
 C = Vault XP percentage of total XP
 D = Non-vault monster count
 E = Vault monster count
 F = Vault count percentage of total count
                 A         B        C        D         E       F
            +---------+---------+-------+---------+---------+-------
      Total |      18 |       0 |   0.0 |      11 |       0 |   0.0
            +---------+---------+-------+---------+---------+-------
        D:1 |      16 |       0 |   0.0 |      10 |       0 |   0.0
        D:2 |       2 |       0 |   0.0 |       1 |       0 |   0.0
            +---------+---------+-------+---------+---------+-------
